 Dungeon Crawl Stone Soup version 0.13.0-7-g3df9ff1 (webtiles) character file.

716 M4edhros the Sneak (level 7, -7/44 HPs)
             Began as an Octopode Artificer on Oct 15, 2013.
             Was a Follower of Okawaru.
             Shot with an arrow by a centaur (23 damage)
             ... on Level 5 of the Dungeon on Oct 16, 2013.
             The game lasted 00:08:35 (3489 turns).

M4edhros the Sneak (Octopode Artificer)             Turns: 3489, Time: 00:08:35

HP  -7/44        AC  1     Str 10      XL: 7   Next: 12%
MP  10/10        EV 22     Int 17      God: Okawaru [*.....]
Gold 236         SH  0     Dex 17      Spells:  0 memorised,  6 levels left

Res.Fire  : . . .   See Invis. : .   v - +3 orc dagger
Res.Cold  : + . .   Warding    : .   (no shield)
Life Prot.: . . .   Conserve   : .   (helmet restricted)
Res.Poison: .       Res.Corr.  : .   (no amulet)
Res.Elec. : .       Clarity    : .   k - ring of protection from cold
Sust.Abil.: . .     Spirit.Shd : .   i - +4 ring of evasion
Res.Mut.  : .       Stasis     : .   o - ring of teleport control
Res.Rott. : .       Flight     : .   (no ring)
Saprovore : . . .                    (no ring)
                                     (no ring)
                                     (no ring)
                                     (no ring)

@: agile, slightly resistant to hostile enchantments, extremely stealthy
A: almost no armour, amphibious, 8 rings, constrict 8, camouflage 1, AC +1
a: Heroism, Renounce Religion, Evoke Teleport Control


You were on level 5 of the Dungeon.
You worshipped Okawaru.
Okawaru was aware of your devotion.
You were not hungry.

You visited 2 branches of the dungeon, and saw 6 of its levels.

You collected 216 gold pieces.

Inventory:

Hand weapons
 a - a +0,+0 short sword
 l - a +0,+0 trident
 r - a +1,+2 elven short sword of venom
 v - a +3,+3 orcish dagger (weapon)
Missiles
 D - 18 arrows
Magical devices
 b - a wand of flame (13)
 c - a wand of enslavement (15)
 d - a wand of random effects (4)
Comestibles
 f - 2 apples
 h - a pear
 z - 14 grapes
 B - a bread ration
Scrolls
 e - 2 scrolls of curse weapon {unknown}
 m - a scroll of enchant armour {unknown}
 n - a scroll of fear
 p - a scroll of blinking
 s - a scroll of noise
 t - a scroll of magic mapping
 u - a scroll of fog {unknown}
 w - a scroll of enchant weapon I
 y - a scroll of teleportation
Jewellery
 i - a +4 ring of evasion (right tentacle)
 k - a ring of protection from cold (left tentacle)
 o - a ring of teleport control (on tentacle)
Potions
 g - 2 potions of agility
 j - a potion of curing
 q - a potion of heal wounds


   Skills:
 - Level 1.0 Fighting
 + Level 4.9 Short Blades
 - Level 2.0 Dodging
 + Level 7.6 Stealth
 - Level 3.2 Evocations


You had 6 spell levels left.
You didn't know any spells.

Dungeon Overview and Level Annotations

Branches:
Dungeon (5/27)             Temple (1/1) D:4

Altars:
Ashenzari
Cheibriados
Elyvilon
Kikubaaqudgha
Makhleb
Okawaru
Trog
Xom


Innate Abilities, Weirdness & Mutations

You cannot wear most types of armour.
You are amphibious.
You can wear up to eight rings at the same time.
You can use your tentacles to constrict many enemies at once.
Your skin changes colour to match your surroundings (Stlth).
Your rubbery body absorbs attacks (AC +1).


Message History

Your resistance to elements expires.
Found a dwarven dagger.
Found 9 arrows of flame.
You see here 9 arrows of flame.
A hobgoblin comes into view. It is wielding an orcish club.
A hobgoblin is nearby!
A centaur comes into view.
You see here a potion of curing.
The centaur shouts!
The centaur wields a glowing bow.
The centaur shoots an arrow.
The arrow hits you!
The centaur shoots an arrow.
The arrow hits you!
Found a scroll of recharging and 11 gold pieces.
You see here 2 arrows.
The centaur shoots an arrow.
The arrow misses you.
Drink which item? (? for menu, Esc to quit)
You feel more agile all of a sudden.
The centaur shoots an arrow.
The arrow misses you.
The centaur shoots an arrow.
The arrow hits you!
Ouch! That really hurt!
You die...

#####.# #.# .
#.# #.# . #.#
#.# ##. #.# #.#
#.. ###### #.#
#.# #.##......#
#.# #.#
#.#.....#.# #.#
#.# #.(.......#
#.#
#.###.........#
#.#
#...!.(@......#
#####.........#
#....g....#
#.#.....#?#
#.##...## # #.#
#c## ... .. ###
$##


You could see a centaur and a hobgoblin (wandering).

Vanquished Creatures
  An ogre (D:4)
  A centaur (D:5)
  2 hounds (D:4)
  4 adders
  An inept feature mimic (D:2)
  A giant mite (D:3)
  5 worms
  2 giant geckos
  3 orcs (D:4)
  12 bats
  7 hobgoblins
  5 quokkas
  4 giant newts
  6 goblins
  2 jackals (D:3)
  5 kobolds
  2 rats
63 creatures vanquished.

Vanquished Creatures (collateral kills)
  Grinder (D:4)
  An ogre (D:4)
  A bat skeleton (D:4)
  A giant newt (D:4)
4 creatures vanquished.

Vanquished Creatures (others)
  A wizard (D:3)
1 creature vanquished.

Grand Total: 68 creatures vanquished

Notes
Turn   | Place    | Note
--------------------------------------------------------------
     0 | D:1      | M4edhros, the Octopode Artificer, began the quest for the Orb.
     0 | D:1      | Reached XP level 1. HP: 14/14 MP: 1/1
     2 | D:1      | Noticed an octopode
     4 | D:1      | Noticed a merfolk
     6 | D:1      | Noticed a vampire
     8 | D:1      | Noticed a minotaur
     8 | D:1      | Noticed a demonspawn
    10 | D:1      | Noticed a draconian
    12 | D:1      | Noticed a demigod
    12 | D:1      | Noticed a naga
    14 | D:1      | Noticed an elf
    14 | D:1      | Noticed a dwarf
    16 | D:1      | Noticed a centaur
    16 | D:1      | Noticed a spriggan
    18 | D:1      | Noticed a felid
    20 | D:1      | Noticed an ogre
    20 | D:1      | Noticed a ghoul
    22 | D:1      | Noticed a tengu
    22 | D:1      | Noticed a troll
    77 | D:2      | Reached XP level 2. HP: 13/19 MP: 3/3
   383 | D:2      | Reached XP level 3. HP: 1/24 MP: 4/4
   952 | D:4      | Found a staircase to the Ecumenical Temple.
  1042 | D:4      | Reached skill level 4 in Stealth
  1042 | D:4      | Reached XP level 4. HP: 24/29 MP: 6/6
  1049 | Temple   | Entered the Ecumenical Temple
  1068 | Temple   | Became a worshipper of Warmaster Okawaru
  2270 | D:3      | Reached skill level 5 in Stealth
  2417 | D:3      | Reached XP level 5. HP: 34/34 MP: 7/7
  2668 | D:3      | Found a bloodstained altar of Trog.
  2668 | D:3      | Noticed a wizard
  2674 | D:3      | Killed a wizard
  2744 | D:4      | Upgraded the game from 0.13.0-6-g40e4d2d to 0.13.0-7-g3df9ff1
  2921 | D:4      | Noticed Grinder
  2961 | D:4      | Noticed an ogre
  2971 | D:4      | Noticed an ogre
  2979 | D:4      | Killed Grinder
  2979 | D:4      | Reached skill level 6 in Stealth
  2979 | D:4      | Reached XP level 6. HP: 39/39 MP: 9/9
  2982 | D:4      | Killed an ogre
  2997 | D:4      | Killed an ogre
  2997 | D:4      | Reached skill level 7 in Stealth
  3006 | D:4      | Acquired Okawaru's first power
  3370 | D:5      | Entered Level 5 of the Dungeon
  3373 | D:5      | Reached XP level 7. HP: 42/44 MP: 10/10
  3425 | D:5      | Paralysed by a potion of paralysis for 5 turns
  3489 | D:5      | Shot with an arrow by a centaur

Action                   |  1- 3 |  4- 6 |  7- 9 || total
-------------------------+-------+-------+-------++-------
Melee: Short sword       |    57 |    43 |       ||   100
       Dagger            |       |    41 |     1 ||    42
Evoke: Wand              |    10 |     3 |       ||    13
  Use: Scroll            |       |       |     8 ||     8
       Potion            |       |       |     7 ||     7
 Stab: Sleeping          |     7 |    10 |     1 ||    18
